 Dungeon Crawl Stone Soup version 0.24.0-123-gd5b16e6ec5 (webtiles) character file.

Game seed: 14129350279524172637, levelgen mode: deterministic

118 LambertSimnel the Sneak (level 5, -4/31 HPs)
             Began as an Octopode Earth Elementalist on Feb 6, 2020.
             Slain by a worm (7 damage)
             ... on level 3 of the Dungeon.
             The game lasted 00:12:28 (3173 turns).

LambertSimnel the Sneak (OpEE)                      Turns: 3173, Time: 00:12:29

Health: -4/31      AC:  1    Str:  4 (7)  XL:     5   Next: 2%
Magic:  8/8        EV: 13    Int: 18 (19) God:
Gold:   126        SH:  0    Dex: 12      Spells: 1/9 levels left

rFire    . . .     SeeInvis .   e - +1 dagger
rCold    + . .     Gourm    .   (no shield)
rNeg     . . .     Faith    .   (helmet restricted)
rPois    .         Spirit   .   (no amulet)
rElec    .         Reflect  .   a - ring of protection from cold
rCorr    .         Harm     .   o - ring of stealth
MR       .....                  (no ring)
Stlth    +++++.....             (no ring)
HPRegen  0.10/turn              (no ring)
MPRegen  0.11/turn              (no ring)
                                (no ring)
                                (no ring)

@: no status effects
A: almost no armour, stealthy swim, amphibious, 8 rings, constrict 8, camouflage
1, gelatinous body 1
a: no special abilities


You were on level 3 of the Dungeon.
You were not hungry.

You visited 1 branch of the dungeon, and saw 3 of its levels.

You collected 126 gold pieces.

Inventory:

Hand Weapons
 e - a +1 dagger (weapon)
 f - a +0 mace of draining
 l - a +2 war axe of draining
Missiles
 h - 42 stones (quivered)
Jewellery
 a - a ring of protection from cold (left tentacle)
 o - a ring of stealth (right tentacle)
Scrolls
 b - 2 scrolls of identify
 d - 2 scrolls of remove curse
 g - a scroll of noise
 i - a scroll of enchant weapon
 j - a scroll of fear {unknown}
Potions
 k - a potion of degeneration
 m - a potion of might {unknown}
Comestibles
 c - 5 rations


   Skills:
 - Level 2.5 Dodging
 - Level 4.5 Stealth
 - Level 2.6 Spellcasting
 * Level 1.6 Transmutations
 * Level 3.8 Earth Magic


You had one spell level left.
You knew the following spells:

 Your Spells              Type           Power        Failure   Level  Hunger
a - Sandblast             Erth           ###...       3%          1    #......
b - Stone Arrow           Conj/Erth      #.....       24%         3    ###....
c - Petrify               Tmut/Erth      ##......     50%         4    #####..

Your spell library contained the following spells:

 Spells                   Type           Power        Failure   Level  Hunger
 Passwall                 Tmut/Erth      ##......     9%          2    ##.....
 Lee's Rapid Deconstruct  Erth           ###.......   69%         5    ######.


Dungeon Overview and Level Annotations

Branches:
Dungeon (3/15)

Altars:
Sif Muna


Innate Abilities, Weirdness & Mutations

You cannot wear most types of armour.
You are very stealthy in the water. (Stealth+)
You are amphibious.
You can wear up to eight rings at the same time.
You can use your tentacles to constrict eight enemies at once.
Your skin changes colour to match your surroundings (Stealth+).
Your rubbery body absorbs attacks. (AC +1, EV +1)


Message History

You barely miss the worm. You grab the worm.
You constrict the worm, but do no damage.
The worm bites you!
You hit the worm but do no damage. You constrict the worm.
You hit the worm but do no damage.
The worm is lightly wounded.
You constrict the worm, but do no damage.
The worm bites you!
You hit the worm.
The worm is lightly wounded.
You constrict the worm, but do no damage.
The worm bites you!
* * * LOW HITPOINT WARNING * * *
You hit the worm.
The worm is moderately wounded.
You constrict the worm. You hit the worm.
The worm is heavily wounded.
You constrict the worm. The worm bites you!
You die...

#+# #.# #.#
####
####.###....
#.........
#...w..#
#.@.# ##.##
#.# #.# #.#
#.#
#########
#.# ###
........#
####.#####
##.##
#######.#
#........#
##.#.##


You could see a worm.

Vanquished Creatures
  An orc priest (D:3)
  An adder (D:2)
  2 oozes
  A worm (D:2)
  A dart slug (D:2)
  A leopard gecko (D:1)
  3 orcs (D:3)
  2 ball pythons (D:1)
  8 bats
  5 giant cockroaches
  5 goblins
  9 hobgoblins
  5 jackals
  6 kobolds
  A quokka (D:2)
  3 frilled lizards
  4 rats
58 creatures vanquished.

Notes
Turn   | Place    | Note
-------+----------+-------------------------------------------
     0 | D:1      | LambertSimnel the Octopode Earth Elementalist began the
                  | quest for the Orb.
     0 | D:1      | Reached XP level 1. HP: 11/11 MP: 3/3
    57 | D:1      | Reached skill level 3 in Stealth
    76 | D:1      | Reached XP level 2. HP: 9/17 MP: 0/5
   692 | D:1      | Reached XP level 3. HP: 21/21 MP: 4/6
  1174 | D:1      | Learned a level 3 spell: Stone Arrow
  1254 | D:2      | Reached skill level 4 in Stealth
  2043 | D:2      | Reached XP level 4. HP: 10/27 MP: 0/7
  2067 | D:2      | HP: 1/27 [poisoned by an adder]
  2523 | D:2      | Found a shimmering blue altar of Sif Muna.
  2779 | D:3      | Learned a level 4 spell: Petrify
  3047 | D:3      | Reached XP level 5. HP: 31/31 MP: 8/8
  3173 | D:3      | Slain by a worm

Levels and vault maps discovered:
D:1:      nzn_arrival_crosshair, layout_basic
D:2:      layout_loops_cross, lemuel_round_altar, first_ration
D:3:      layout_loops_corners, grunt_temple_overflow_gold_and_silver

Skill      XL: |  1  2  3 |
---------------+----------+-----
Stealth        | 3 4 |  4.5
Dodging        | |  2.5
Spellcasting   | |  2.6
Transmutations | |  1.6
Earth Magic    | |  3.8

Action                   |  1- 3 |  4- 6 || total
-------------------------+-------+-------++-------
Melee: Unarmed           |     9 |       ||     9
       Constrict         |    11 |     8 ||    19
       Tentacles         |     6 |     3 ||     9
       Dagger            |    42 |    35 ||    77
 Cast: Sandblast         |    38 |       ||    38
       Stone Arrow       |     1 |     7 ||     8
  Use: Scroll            |     1 |     4 ||     5
       Potion            |       |     2 ||     2
 Stab: Sleeping          |     9 |     4 ||    13
  Eat: Chunk             |     4 |     4 ||     8
Armor: Skin              |     4 |     7 ||    11
Dodge: Dodged            |    38 |    19 ||    57
